 Dungeon Crawl Stone Soup version 0.19-a0-1238-gee6bd96 (webtiles) character file.

112 George the Skirmisher (level 4, 0/37 HPs)
             Began as a Demonspawn Berserker on Aug 26, 2016.
             Was a Believer of Trog.
             Slain by a quokka (6 damage)
             ... on level 3 of the Dungeon.
             The game lasted 00:03:01 (2461 turns).

George the Skirmisher (Demonspawn Berserker)        Turns: 2461, Time: 00:03:02

Health: 0/37       AC:  2    Str: 18    XL:     4   Next: 63%
Magic:  4/4        EV: 13    Int:  9    God:    Trog [**....]
Gold:   221        SH:  0    Dex: 12    Spells: 0 memorised, 3 levels left

rFire  . . .     SeeInvis .     a - +0 hand axe
rCold  . . .     Gourm    .     b - +0 animal skin
rNeg   . . .     Faith    .     (no shield)
rPois  .         Spirit   .     (no helmet)
rElec  .         Dismiss  .     (no cloak)
rCorr  .         Reflect  .     (no gloves)
MR     .....     Harm     +     (no boots)
Stlth  ++........               i - amulet of harm
                                (no ring)
                                (no ring)

@: no status effects
A: nightstalker 1
a: Berserk, Trog's Hand, Burn Spellbooks, Renounce Religion


You were on level 3 of the Dungeon.
You worshipped Trog.
Trog was pleased with you.
You were very hungry.

You visited 1 branch of the dungeon, and saw 3 of its levels.

You collected 221 gold pieces.

Inventory:

Hand Weapons
 a - a +0 hand axe (weapon)
Armour
 b - a +0 animal skin (worn)
Jewellery
 g - an uncursed ring of fire
 i - an amulet of harm (around neck)
Scrolls
 e - 3 scrolls of remove curse {unknown}
 f - 6 scrolls of identify {unknown}
 h - a scroll of noise {unknown}
 k - a scroll of fog {unknown}
 p - a scroll of teleportation {unknown}
Potions
 d - 2 potions of heal wounds {unknown}
 l - a potion of curing {unknown}
 o - a potion of lignification {unknown}
Comestibles
 c - a bread ration
 j - 3 meat rations
 m - 2 beef jerkies
 n - a slice of pizza
 q - 8 fruits


   Skills:
 + Level 3.8 Fighting
 + Level 3.2 Axes
 + Level 2.6 Armour
 + Level 2.7 Dodging


You had 3 spell levels left.
You didn't know any spells.

Dungeon Overview and Level Annotations

Branches:
Dungeon (3/15)

Altars:


Innate Abilities, Weirdness & Mutations

You are slightly more attuned to the shadows.


Message History

You barely miss the quokka.
The quokka is severely wounded.
You hit the quokka but do no damage. The quokka bites you. x2
* * * LOW HITPOINT WARNING * * *
You barely miss the quokka.
The quokka is severely wounded.
You closely miss the quokka. The quokka bites you.
* * * LOW HITPOINT WARNING * * *
The quokka bites you.
* * * LOW HITPOINT WARNING * * *
The quokka closely misses you.
You hit the quokka but do no damage.
The quokka is severely wounded.
You hit the quokka.
You kill the quokka!
Trog accepts your kill. The quokka bites you.
* * * LOW HITPOINT WARNING * * *
The quokka bites you.
You die...

#.#........# ..
#.#.######## #..
#.#.#
..#########.#.#
......$......#
####.###.###.###
..........[..#
#..........##
#...†@r....#
#...).†......
#####........#
##.......#
#....... ......
......


You could see a quokka.

Vanquished Creatures
  4 gnolls (D:3)
  2 adders (D:2)
  An ooze (D:3)
  A worm (D:2)
  A dart slug (D:2)
  A giant gecko (D:2)
  A giant cockroach (D:2)
  5 goblins
  4 hobgoblins
  2 jackals (D:1)
  2 quokkas
  6 bats
  2 giant newts (D:2)
  10 kobolds
  7 rats
49 creatures vanquished.

Notes
Turn   | Place    | Note
-------+----------+-------------------------------------------
     0 | D:1      | George the Demonspawn Berserker began the quest for the Orb.
     0 | D:1      | Reached XP level 1. HP: 18/18 MP: 1/1
   638 | D:1      | Gained mutation: You are slightly more attuned to the shadows. [demonic ancestry]
   638 | D:1      | Reached XP level 2. HP: 24/24 MP: 2/2
  1305 | D:2      | Reached XP level 3. HP: 16/29 MP: 3/3
  1510 | D:2      | Reached ** piety under Trog
  1657 | D:2      | HP: 1/29 [goblin (3)]
  2404 | D:3      | Reached XP level 4. HP: 36/36 MP: 4/4
  2461 | D:3      | Slain by a quokka

Vault maps used:
D:1:      kennysheep_arrival_seaside, minmay_tetromino_s2
D:2:      kennysheep_potato
D:3:      kennysheep_the_goblin_king, ecumenical_altar_1

Skill      XL: |  1  2 |
---------------+-------+-----
Armour         | 2 |  2.6
Dodging        | 2 |  2.7
Axes           | 3 |  3.2
Fighting       | |  3.8

Action                   |  1- 3 |  4- 6 || total
-------------------------+-------+-------++-------
Melee: Hand axe          |   142 |    25 ||   167
Invok: Berserk           |     1 |       ||     1
       Trog's Hand       |     1 |       ||     1
 Stab: Sleeping          |     3 |     1 ||     4
  Eat: Chunk             |     5 |       ||     5
Armor: Animal skin       |    46 |     2 ||    48
Dodge: Dodged            |   127 |    15 ||   142
